 Dungeon Crawl Stone Soup version 0.29.1-4-g47bece8355 (webtiles) character file.

Game seed: 12958949175579916782

3234 Buffaloe the Basher (level 9, -4/85 HPs)
             Began as a Minotaur Fighter on Nov 17, 2022.
             Was an Initiate of Makhleb.
             Slain by a two-headed ogre
             ... wielding a +0 dire flail
              (12 damage)
             ... on level 7 of the Dungeon on Dec 11, 2022.
             The game lasted 00:41:59 (12496 turns).

Buffaloe the Basher (Minotaur Fighter)             Turns: 12496, Time: 00:42:00

Health: -4/85      AC: 17    Str: 22    XL:     9   Next: 66%
Magic:  17/17      EV:  6    Int: 11    God:    Makhleb [......]
Gold:   333        SH:  6    Dex: 20    Spells: 8/8 levels left

rFire   . . .      SeeInvis .   q - +6 short sword of Oozing Pus {pain, rElec MP+9 Dex+4}
rCold   . . .      Faith    .   c - +0 buckler
rNeg    . . .      Spirit   .   n - +0 plate armour
rPois   .          Reflect  .   w - +1 hat
rElec   +          Harm     .   t - +1 cloak {rCorr}
rCorr   +          Rampage  .   (no gloves)
Will    .....                   v - +1 pair of boots
Stlth   ..........              (no amulet)
HPRegen 0.24/turn               M - ring of Vodka {Contam rCorr Int+6 Dex+3}
MPRegen 0.15/turn               (no ring)

@: mighty, studying Staves
A: horns 2, retaliatory headbutt
a: Renounce Religion


You were on level 7 of the Dungeon.
You worshipped Makhleb.
Makhleb was noncommittal.
You visited 2 branches of the dungeon, and saw 9 of its levels.
You also visited: Sewer.

You collected 333 gold pieces.

Inventory:

Hand Weapons
 a - a +0 flail
 q - the +6 short sword of Oozing Pus (weapon) {pain, rElec MP+9 Dex+4}
   (You found it on level 3 of the Dungeon)

   In the hands of one skilled in necromantic magic, it inflicts extra damage on
   living creatures.
   Dex:       It affects your dexterity (+4).
   rElec:     It insulates you from electricity.
   MP:        It affects your magic capacity (+9).
 r - a +0 morningstar
 s - a +0 hammer
 H - a +0 flail of holy wrath
Armour
 c - a +0 buckler (worn)
 n - a +0 plate armour (worn)
 t - a +1 cloak of preservation (worn)
 v - a +1 pair of boots (worn)
 w - a +1 hat (worn)
 O - a +0 chain mail
Jewellery
 G - a ring of wizardry
 M - the ring of Vodka (left hand) {Contam rCorr Int+6 Dex+3}
   (You found it on level 7 of the Dungeon)

   [ring of intelligence]

   Int:       It affects your intelligence (+6).
   Dex:       It affects your dexterity (+3).
   Contam:    It causes magical contamination when unequipped.
   rCorr:     It protects you from acid and corrosion.
Wands
 b - a wand of digging (5)
 h - a wand of flame (9)
 m - a wand of paralysis (11)
Scrolls
 e - 2 scrolls of poison {unknown}
 i - 3 scrolls of fear {unknown}
 k - a scroll of magic mapping {unknown}
 l - 2 scrolls of teleportation
 p - a scroll of amnesia
 u - 4 scrolls of enchant armour {unknown}
 y - a scroll of silence {unknown}
 z - 3 scrolls of identify
 A - a scroll of blinking {unknown}
 D - 2 scrolls of vulnerability {unknown}
 E - a scroll of noise {unknown}
 K - a scroll of butterflies {unknown}
 N - 2 scrolls of enchant weapon {unknown}
Potions
 d - a potion of might
 f - a potion of brilliance {unknown}
 g - 5 potions of degeneration {unknown}
 j - a potion of mutation {unknown}
 o - a potion of attraction {unknown}
 x - a potion of berserk rage {unknown}
 B - a potion of magic {unknown}
 C - a potion of heal wounds {unknown}
 F - a potion of flight {unknown}
 I - 3 potions of cancellation {unknown}
 J - a potion of lignification {unknown}
 L - a potion of haste {unknown}


   Skills:
 + Level 9.9 Fighting
 + Level 12.4 Maces & Flails
 + Level 5.4 Armour
 + Level 5.4 Shields


You had 8 spell levels left.
You didn't know any spells.
Your spell library contained the following spells:

 Spells                   Type           Power      Damage    Failure   Level
 Slow                     Hex            0%         N/A       100%        1
 Confusing Touch          Hex            0%         N/A       100%        3
 Ignite Poison            Fire/Tmut/Pois 0%         N/A       100%        3
 Mephitic Cloud           Conj/Pois/Air  0%         N/A       100%        3
 Vampiric Draining        Necr           0%         2d6       100%        3
 Fireball                 Conj/Fire      0%         3d3       100%        5
 Freezing Cloud           Conj/Ice/Air   0%         6-21      100%        5
 Iskenderun's Battlesphe  Conj           0%         2d6       100%        5
 Yara's Violent Unravell  Hex/Tmut       0%         3d3       100%        5
 Conjure Ball Lightning   Conj/Air       0%         3x3d6     100%        6
 Enfeeble                 Hex            0%         N/A       100%        7
 Orb of Destruction       Conj           0%         9d5       100%        7
 Discord                  Hex            0%         N/A       100%        8
 Disjunction              Tloc           0%         N/A       100%        8


Dungeon Overview and Level Annotations

Branches:
Dungeon (8/15)             Temple (1/1) D:5           Sewer (visited)
   Lair: D:8-11

Altars:
Ashenzari
Cheibriados
Dithmenos
Elyvilon
Fedhas
Gozag
Hepliaklqana
Kikubaaqudgha
Makhleb
Nemelex Xobeh
Okawaru
Qazlal
Ru
Sif Muna
Trog
Uskayaw
Vehumet
Wu Jian
Xom
Yredelemnul
Zin
The Shining One


Innate Abilities, Weirdness & Mutations

You have a pair of horns on your head.
You reflexively headbutt those who attack you in melee.


Message History

You climb downwards.
The two-headed ogre hits you with a +0 dire flail!
The two-headed ogre hits you but does no damage.
There is a stone staircase leading up, spattered with blood here.
The two-headed ogre closely misses you.
The two-headed ogre completely misses you.
You climb upwards.
There is a stone staircase leading down, spattered with blood here.
Hit: q) +6 short sword of Oozing Pus {pain, rElec MP+9 Dex+4}
Press: ? - help, Dir - move target, f - two-headed ogre
Aim: a two-headed ogre, wielding a +0 dire flail and a +0 giant spiked club (about 18% to evade the +6 short sword of Oozing Pus)
You puncture the two-headed ogre!
The two-headed ogre is lightly wounded.
You block the two-headed ogre's attack.
The two-headed ogre hits you with a +0 giant spiked club!
Press: ? - help, v - describe, . - travel, g - get item
Items here: a +0 dagger; 16 poisoned darts; a +0 short sword.
The floor, spattered with blood.
Unknown command.
Press: ? - help, v - describe, . - travel, g - get item
Here: a two-headed ogre, wielding a +0 dire flail and a +0 giant spiked club (lightly wounded)
Items here: (( ))).
The floor, spattered with blood.
You feel very mighty all of a sudden.
You puncture the two-headed ogre!
The two-headed ogre is moderately wounded.
The two-headed ogre hits you with a +0 dire flail!
The two-headed ogre hits you with a +0 giant spiked club!!
* * * LOW HITPOINT WARNING * * *
You puncture the two-headed ogre!
The two-headed ogre is heavily wounded.
The two-headed ogre hits you with a +0 dire flail!
* * * LOW HITPOINT WARNING * * *
The two-headed ogre hits you with a +0 giant spiked club.
* * * LOW HITPOINT WARNING * * *
You puncture the two-headed ogre!
The two-headed ogre is severely wounded.
You block the two-headed ogre's attack.
The two-headed ogre hits you with a +0 giant spiked club!
You die...

########### ##.........#
#..........# #..........# ##
##[.........#####.
#@).........'.....
#(O.........#####.
#..######...# #. #..### #####
## #....#### #.#.....####
#### #.#........###...#
############.#.....####......
#............#.....###.......


You could see a two-headed ogre.

Vanquished Creatures
  A hornet (D:7)
  2 shadows (D:6)
  Edmund (D:5)
  A water moccasin (D:7)
  2 orc warriors
  3 ice beasts
  A sky beast (D:6)
  A centaur (D:7)
  A phantom (D:5)
  Blork the orc (D:5)
  3 kobold brigands
  5 scorpions
  A bullfrog (D:6)
  A necrophage (D:4)
  A wight (D:7)
  A howler monkey (D:6)
  8 hounds
  2 jellies (D:5)
  4 orc priests
  Crazy Yiuf (D:3)
  An iguana (D:6)
  6 orc wizards
  9 gnolls
  13 adders
  2 river rats (Sewer)
  3 shadow imps (D:7)
  2 white imps
  2 ufetubi
  2 dart slugs
  4 worms
  25 orcs
  10 ball pythons
  11 endoplasms
  6 giant cockroaches
  7 hobgoblins
  2 jackals (Sewer)
  2 quokkas (D:3)
  A bat (D:1)
  5 frilled lizards
  7 goblins
  20 kobolds
  7 rats
188 creatures vanquished.

Vanquished Creatures (others)
  An orc wizard (D:7)
  An orc (D:7)
  12 plants (Sewer)
14 creatures vanquished.

Grand Total: 202 creatures vanquished

Notes
Turn   | Place    | Note
-------+----------+-------------------------------------------
     0 | D:1      | Buffaloe the Minotaur Fighter began the quest for the Orb.
     0 | D:1      | Reached XP level 1. HP: 19/19 MP: 0/0
   136 | D:1      | Reached skill level 3 in Maces & Flails
   200 | D:1      | Reached XP level 2. HP: 20/27 MP: 1/1
  1047 | D:2      | Reached XP level 3. HP: 31/33 MP: 2/2
  1186 | D:2      | Reached skill level 4 in Maces & Flails
  2040 | D:3      | Reached XP level 4. HP: 40/41 MP: 3/3
  2535 | D:3      | Identified the +6 short sword of Oozing Pus {pain, rElec
                  | MP+9 Dex+4}
  2821 | D:3      | Reached skill level 5 in Maces & Flails
  2830 | D:3      | Reached skill level 5 in Fighting
  2830 | D:3      | Reached XP level 5. HP: 11/48 MP: 4/4
  3112 | D:3      | Found a runed translucent door.
  3120 | D:3      | Noticed Crazy Yiuf
  3131 | D:3      | Killed Crazy Yiuf
  3943 | D:3      | Reached skill level 6 in Maces & Flails
  4145 | D:4      | Reached XP level 6. HP: 35/56 MP: 5/5
  4426 | D:4      | Reached skill level 7 in Maces & Flails
  4492 | D:4      | Noticed a fire elemental
  4493 | D:4      | Found a stormy altar of Qazlal.
  4499 | D:4      | Noticed an air elemental
  4499 | D:4      | Noticed a water elemental
  4734 | D:4      | Found a white marble altar of Elyvilon.
  4734 | D:4      | Found a snail-covered altar of Cheibriados.
  4743 | D:4      | Upgraded the game from 0.29.1-2-gbd0b4ee654 to
                  | 0.29.1-4-g47bece8355
  4822 | D:5      | Entered Level 5 of the Dungeon
  4880 | D:5      | Found a glowing drain.
  4907 | Sewer    | Entered a sewer
  5036 | Sewer    | Reached XP level 7. HP: 59/64 MP: 6/6
  5376 | D:5      | Reached skill level 8 in Maces & Flails
  5430 | D:5      | Noticed Blork the orc
  5457 | D:5      | Killed Blork the orc
  5705 | D:5      | Found a staircase to the Ecumenical Temple.
  5736 | D:5      | Reached skill level 9 in Maces & Flails
  6017 | Temple   | Entered the Ecumenical Temple
  6232 | Temple   | Became a worshipper of Makhleb the Destroyer
  6390 | D:5      | Reached XP level 8. HP: 54/73 MP: 7/7
  6524 | D:5      | Noticed Edmund
  6546 | D:5      | Killed Edmund
  6549 | D:5      | Reached skill level 10 in Maces & Flails
  7430 | D:6      | Reached skill level 11 in Maces & Flails
  7771 | D:6      | Found an ornate altar of the Wu Jian Council.
  8813 | D:6      | Reached XP level 9. HP: 12/83 MP: 8/8
  9628 | D:7      | Identified the ring of Vodka {Contam rCorr Int+6 Dex+3}
  9800 | D:7      | Reached skill level 12 in Maces & Flails
 10027 | D:7      | Found a shimmering altar of Xom.
 10555 | D:7      | Found a shimmering blue altar of Sif Muna.
 10706 | D:8      | Noticed a two-headed ogre
 11388 | D:7      | Paralysed by a hornet for 2 turns
 11395 | D:7      | HP: 2/84 [poisoned by a hornet]
 11822 | D:7      | Paralysed by a hornet for 1 turns
 11825 | D:7      | Reached skill level 5 in Armour
 11825 | D:7      | Reached skill level 5 in Shields
 12496 | D:7      | Slain by a two-headed ogre

Illustrated notes

Levels and vault maps discovered:
D:1:      saegor_arrival_simple_c, layout_basic, minmay_split_cup_small
D:2:      layout_loops_ring, roderic_three_in_a_row
D:3:      minmay_skewed_foursquare, layout_basic, uniq_crazy_yiuf_cottage
D:4:      layout_rooms, nicolae_qazlal_style_of_elements, minitemple,
          minmay_fractal_squares_diagonal_5
D:5:      layout_loops_ring, minmay_temple_entry_statues_fountains,
          portal_sewer_entry_a, uniq_blork_the_orc, uniq_edmund
D:6:      layout_gridville, mainiacjoe_overflow_brackets,
          kennysheep_pointless_box, minmay_manual_monstrance
D:7:      layout_basic, xom_confusion_cloud, tgw_sif
D:8:      layout_cave_pools, serial_column_ruins, column_ruins_square_large,
          column_ruins_open_small, column_ruins_grid_3, column_ruins_open_small,
          column_ruins_grid_2, column_ruins_open_large,
          column_ruins_columns_straight, column_ruins_columns_straight,
          uniq_amaemon
Temple:   regret_index_temple_sphere_string

Skill      XL: |  1  2  3  4  5  6  7  8  9 |
---------------+----------------------------+-----
Maces & Flails | 3 4 5 6 7 9 11 12 | 12.4
Fighting       | 4 5 6 7 9 |  9.9
Armour         | 5 |  5.4
Shields        | 5 |  5.4

Action                   |  1- 3 |  4- 6 |  7- 9 || total
-------------------------+-------+-------+-------++-------
Melee: Flail             |   100 |    28 |       ||   128
       Headbutt          |    17 |    18 |    88 ||   123
       Short sword       |       |   130 |   387 ||   517
  Use: Scroll            |       |     3 |     2 ||     5
       Potion            |       |     1 |     3 ||     4
Armor: Scale mail        |    46 |    71 |   158 ||   275
       Chain mail        |       |       |    91 ||    91
       Plate armour      |       |       |     4 ||     4
Dodge: Dodged            |    38 |    63 |   160 ||   261
Block: Buckler           |    20 |    30 |    96 ||   146
